Map: Frost LE

Players

Fropez - Winner!

  • Race: Protoss Protoss
  • League: Gold
  • Spawn Location: 5:00

TheDude

  • Race: Protoss Protoss
  • League: Gold
  • Spawn Location: 7:00

VOD

Have the link to the VOD?

Description

Time

  • Played on: Nov. 15, 2016, 6:31 p.m.
  • Length: 14:09
Show
View Real Time Build Order
Export as new Build Order

Fropez Protoss - Winner!

Build Orders:  

Get SALT Encoding   

  12  0:00  Probe (Chrono Boost)  
  13  0:13  Pylon  
  13  0:18  Probe (Chrono Boost)  
  14  0:25  Assimilator  
  15  0:28  Probe (Chrono Boost)  
  15  0:39  Probe (Chrono Boost)  
  16  0:46  Gateway  
  16  0:49  Probe (Chrono Boost)  
  17  1:09  Probe (Chrono Boost)  
  18  1:14  Gateway  
  18  1:19  Probe (Chrono Boost)  
  18  1:23  Assimilator  
  19  1:30  Probe (Chrono Boost)  
  20  1:48  Nexus  
  20  1:52  Probe (Chrono Boost)  
  21  2:02  Cybernetics Core  
  21  2:10  Probe (Chrono Boost)  
  22  2:17  Pylon  
  22  2:20  Probe (Chrono Boost)  
  23  2:25  Pylon  
  23  2:38  Pylon  
  23  2:47  Pylon  
  23  2:49  Pylon  
  23  2:52  Warp Gate (Chrono Boost)  
  23  2:56  Adept  
  23  2:57  Mothership Core  
  23  2:58  Adept  
  29  3:18  Probe  
  29  3:19  Probe  
  31  3:27  Gateway  
  31  3:29  Adept  
  31  3:33  Probe  
  33  3:34  Probe  
  34  3:46  Probe  
  35  3:50  Probe  
  35  3:51  Twilight Council  
  36  4:08  Adept x2  
  40  4:15  Probe, Assimilator  
  41  4:21  Pylon  
  41  4:28  Resonating Glaives (Chrono Boost), Forge  
  41  4:40  Probe x2  
  43  4:46  Adept x2  
  43  4:47  Adept  
  49  5:08  Adept x3  
  55  5:23  Probe x2  
  47  5:47  Nexus  
  39  5:51  Probe x2  
  39  5:54  Pylon, Protoss Ground Weapons Level 1 (Chrono Boost)  
  37  5:58  Stalker x3  
  43  6:15  Pylon, Probe  
  43  6:17  Charge (Chrono Boost), Photon Cannon  
  44  6:28  Stalker x3  
  50  6:37  Assimilator  
  50  6:43  Probe  
  50  6:44  Probe, Photon Cannon  
  52  6:50  Pylon  
  52  6:55  Probe  
  52  6:59  Probe  
  52  7:00  Probe  
  54  7:04  Adept, Gateway  
  54  7:06  Gateway  
  57  7:11  Probe  
  57  7:12  Probe  
  59  7:25  Stalker  
  47  7:46  Adept x2  
  48  7:52  Probe  
  48  7:53  Probe  
  48  7:58  Probe  
  51  8:08  Probe, Gateway  
  51  8:09  Assimilator  
  52  8:13  Pylon, Probe, Templar Archives  
  52  8:14  Probe  
  54  8:22  Pylon  
  54  8:35  Adept x3  
  60  8:42  Gateway  
  60  8:52  Pylon  
  60  8:53  Pylon  
  60  8:59  Probe x2  
  60  9:01  Adept x3, Pylon  
  68  9:02  Probe  
  68  9:03  Assimilator  
  68  9:06  Photon Cannon  
  69  9:10  Protoss Ground Weapons Level 2 (Chrono Boost)  
  69  9:11  Probe  
  69  9:13  Gateway  
  70  9:19  Probe  
  70  9:20  Pylon x2, Forge  
  71  9:24  Adept  
  73  9:38  Adept x3  
  75  9:39  Adept x2  
  83  9:47  Pylon  
  83  9:48  Adept, Probe  
  83  9:49  Probe x2  
  88  9:58  Probe  
  88  10:01  Adept x3, Probe x2  
  88  10:02  Adept  
  99  10:17  Probe  
  99  10:18  Probe x2  
  99  10:20  Adept x3  
  108  10:27  Protoss Shields Level 1 (Chrono Boost)  
  108  10:30  Adept x3  
  104  10:53  High Templar x3  
  104  10:54  High Templar x4  
  118  10:57  Archon x2  
  118  10:58  Archon  
  118  11:00  High Templar  
  118  11:03  Archon  
  120  11:12  Robotics Facility  
  120  11:13  Pylon  
  120  11:17  Photon Cannon  
  120  11:20  Probe  
  120  11:21  Probe  
  122  11:26  Protoss Ground Weapons Level 3 (Chrono Boost)  
  122  11:29  High Templar x4  
  122  11:30  Photon Cannon  
  130  11:33  Archon x2  
  130  11:36  Photon Cannon  
  130  11:42  Zealot x4  
  138  12:08  Protoss Ground Armor Level 1 (Chrono Boost)  
  138  12:15  Nexus  
  134  12:18  Assimilator  
  134  12:22  Assimilator  
  128  12:25  Pylon  
  124  12:32  High Templar x6  
  124  12:36  Archon x2  
  136  12:37  Archon  
  136  12:38  Immortal  
  140  12:53  Probe  
  140  12:55  Probe x2  
  143  13:16  Pylon  
  143  13:19  Pylon  
  143  13:24  Pylon  
  143  13:26  Pylon  
Show
View Real Time Build Order
Export as new Build Order

TheDude Protoss 

Build Orders:  

Get SALT Encoding   

  12  0:01  Probe (Chrono Boost)  
  13  0:12  Probe (Chrono Boost)  
  14  0:18  Pylon  
  14  0:22  Probe (Chrono Boost)  
  15  0:29  Assimilator  
  15  0:40  Gateway  
  15  0:44  Probe (Chrono Boost)  
  16  0:55  Probe (Chrono Boost)  
  17  0:57  Gateway  
  17  1:05  Probe (Chrono Boost)  
  18  1:16  Pylon  
  18  1:23  Gateway  
  18  1:26  Probe (Chrono Boost)  
  18  1:30  Zealot (Chrono Boost)  
  21  1:43  Cybernetics Core  
  21  1:53  Zealot (Chrono Boost)  
  23  1:58  Assimilator  
  25  2:08  Zealot (Chrono Boost)  
  27  2:18  Zealot (Chrono Boost)  
  27  2:19  Pylon  
  27  2:38  Stalker (Chrono Boost)  
  27  2:43  Stalker (Chrono Boost)  
  33  2:47  Stalker (Chrono Boost)  
  33  3:04  Stalker (Chrono Boost)  
  35  3:06  Forge  
  35  3:22  Probe  
  36  3:34  Probe  
  36  3:41  Protoss Ground Weapons Level 1 (Chrono Boost)  
  37  3:46  Probe  
  38  3:59  Twilight Council  
  38  4:06  Pylon  
  38  4:11  Photon Cannon  
  38  4:19  Pylon  
  38  4:22  Probe  
  39  4:24  Zealot  
  41  4:33  Zealot  
  41  4:34  Probe  
  44  4:47  Charge (Chrono Boost)  
  44  5:04  Zealot x2  
  48  5:08  Zealot  
  50  5:19  Pylon  
  50  5:31  Zealot  
  49  5:46  Probe  
  48  5:56  Zealot  
  50  5:57  Zealot  
  50  5:58  Probe  
  50  6:03  Photon Cannon  
  53  6:10  Probe, Zealot  
  56  6:22  Probe  
  57  6:43  Nexus  
  57  6:45  Probe (Chrono Boost)  
  58  6:55  Probe (Chrono Boost)  
  59  7:03  Robotics Facility  
  58  7:18  Zealot  
  58  7:19  Stalker  
  58  7:20  Probe (Chrono Boost)  
  63  7:31  Probe (Chrono Boost)  
  48  7:49  Zealot  
  48  7:50  Zealot x2  
  38  7:56  Probe x2 (Chrono Boost)  
  40  8:06  Probe x2 (Chrono Boost)  
  42  8:16  Zealot  
  42  8:17  Probe x2 (Chrono Boost), Zealot, Stalker  
  50  8:39  Probe (Chrono Boost)  
  52  8:41  Probe (Chrono Boost)  
  52  8:43  Zealot  
  52  8:44  Stalker  
  52  8:47  Stalker  
  58  8:49  Probe (Chrono Boost)  
  58  8:51  Probe (Chrono Boost)  
  58  8:52  Observer  
  61  9:00  Probe (Chrono Boost)  
  61  9:02  Probe (Chrono Boost)  
  63  9:10  Probe (Chrono Boost), Stalker  
  63  9:14  Zealot  
  68  9:17  Nexus  
  68  9:27  Assimilator  
  68  9:29  Assimilator  
  68  9:32  Zealot  
  68  9:34  Pylon  
  68  9:35  Pylon  
  70  9:40  Stalker  
  72  9:51  Zealot  
  74  9:59  Stalker  
  76  10:00  Immortal  
  80  10:07  Photon Cannon  
  80  10:10  Zealot  
  81  10:57  Zealot x2, Stalker  
  85  10:58  Probe x3 (Chrono Boost)  
  90  11:06  Nexus  
  90  11:08  Protoss Ground Armor Level 1  
  90  11:09  Probe x3 (Chrono Boost)  
  93  11:19  Probe x3 (Chrono Boost)  
  93  11:21  Stargate x2  
  93  11:23  Stalker  
  98  11:30  Probe x3 (Chrono Boost)  
  98  11:31  Zealot  
  103  11:35  Stalker  
  105  11:43  Pylon  
  105  11:55  Pylon  
  105  11:58  Pylon  
  105  12:01  Assimilator  
  105  12:05  Assimilator  
  105  12:08  Pylon  
  105  12:09  Void Ray  
  105  12:10  Pylon  
  105  12:12  Void Ray  
  105  12:18  Photon Cannon  
  63  12:40  Probe (Chrono Boost)  
  64  12:51  Probe (Chrono Boost)  
  65  12:52  Void Ray, Zealot  
  65  12:53  Zealot  
  65  12:54  Void Ray  
  65  12:56  Zealot  
  79  13:01  Probe (Chrono Boost)  
  80  13:12  Probe (Chrono Boost)  
  81  13:19  Zealot  
  83  13:20  Zealot  
  83  13:21  Pylon  
  83  13:22  Probe (Chrono Boost)  
  83  13:23  Pylon  
  83  13:25  Zealot  
  88  13:33  Probe (Chrono Boost)  
  89  13:43  Probe (Chrono Boost)  
  68  13:54  Probe (Chrono Boost)  
Tags
 
League
GoldGold
Matchup
PvP
Replay Pack
All Mines
Spawn Locations
Close Positions
Add a new tag
Caveats
  • Supply blocks, unpowered buildings, or Contaminate may cause inaccurate times.
  • Supply counts are checked every 10 seconds.